 Dungeon Crawl Stone Soup version 0.30-a0-702-gdf48620a09 (webtiles) character file.

Game seed: 877882836705836526

392 testman the Changer (level 6, -2/50 HPs)
             Began as a Draconian Transmuter on Jan 22, 2023.
             Slain by a white imp (4 damage)
             ... summoned by Natasha
             ... on level 3 of the Dungeon.
             The game lasted 00:10:47 (2447 turns).

testman the Changer (Draconian Transmuter)          Turns: 2447, Time: 00:10:48

Health: -2/50      AC:  6    Str: 12 (15) XL:     6   Next: 51%
Magic:  8/10       EV: 12    Int: 12 (13) God:
Gold:   139        SH:  0    Dex: 13 (15) Spells: 5/11 levels left

rFire   . . .      SeeInvis .    c - +2 flail (protect)
rCold   . . .      Faith    .    (no shield)
rNeg    . . .      Spirit   .    (body armour unavailable)
rPois   .          Reflect  .    (helmet restricted)
rElec   .          Harm     .    (no cloak)
rCorr   .          Rampage  .    (no gloves)
Will    .....                    (no boots)
Stlth   +                        (no amulet)
HPRegen 0.28/turn                (no ring)
MPRegen 0.12/turn                (no ring)

@: no status effects
A: AC +6, unfitting armour, cold-blooded, agile 1, strong 1, evolution 1
a: no special abilities


You were on level 3 of the Dungeon.
You visited 1 branch of the dungeon, and saw 3 of its levels.

You collected 139 gold pieces.

Inventory:

Hand Weapons
 c - a +2 flail of protection (weapon)
 d - a +0 dagger of draining
 m - a +1 vampiric dagger
Missiles
 e - 10 javelins
 j - 3 boomerangs
Scrolls
 a - a scroll of noise {unknown}
 b - 2 scrolls of teleportation {unknown}
 h - 2 scrolls of identify
 i - a scroll of fear {unknown}
 k - a scroll of magic mapping {unknown}
 n - a scroll of immolation {unknown}
 o - a scroll of fog
Potions
 f - a potion of mutation
 l - a potion of curing {unknown}


   Skills:
 + Level 2.6 Fighting
 - Level 1.7 Dodging
 + Level 3.7 Unarmed Combat
 + Level 3.1 Spellcasting
 + Level 3.9 Transmutations
 + Level 3.7 Poison Magic


You had 5 spell levels left.
You knew the following spells:

 Your Spells              Type           Power      Damage    Failure   Level
a - Beastly Appendage     Tmut           22%        N/A       4%          1
b - Wereblood             Tmut           11%        N/A       8%          2
c - Spider Form           Tmut/Pois      11%        N/A       16%         3

Your spell library contained the following spells:

 Spells                   Type           Power      Damage    Failure   Level
 Ice Form                 Ice/Tmut       6%         N/A       71%         4


Dungeon Overview and Level Annotations

Branches:
Dungeon (3/15)

Altars:
Elyvilon
Qazlal

Annotations:
D:3 Natasha


Innate Abilities, Weirdness & Mutations

Your plain brown scales are hard. (AC +6)
You cannot fit into any form of body armour.
You are cold-blooded and may be slowed by cold attacks.
You are agile. (Dex +4, Str/Int -1)
Your muscles are strong. (Str +4, Int/Dex -1)
You have hidden genetic potential.


Message History

The jackal bites you but does no damage.
The jackal closely misses you. The goblin hits you but does no damage.
Natasha closely misses you. The bat completely misses you.
The white imp misses you. The jackal closely misses you.
The jackal barely misses you. The goblin hits you but does no damage.
Natasha zaps a wand.
The bolt of dispelling energy hits you!
The bolt of dispelling energy hits the bat!
The bat dies!
You closely miss Natasha.
Natasha is moderately wounded.
The jackal bites you but does no damage. x2
The white imp gestures at you. The puff of frost hits you.
The goblin hits you but does no damage. The jackal misses you.
Natasha zaps a wand.
The bolt of dispelling energy hits you! The jackal bites you.
* * * LOW HITPOINT WARNING * * *
The white imp barely misses you.
You closely miss Natasha.
Natasha is moderately wounded.
The jackal bites you but does no damage. x2
The goblin barely misses you.
Natasha stares at you and mumbles some strange words.
The magic dart hits you!
* * * LOW HITPOINT WARNING * * *
The white imp barely misses you. The jackal bites you.
* * * LOW HITPOINT WARNING * * *
The jackal completely misses you. The goblin hits you but does no damage.
It was a potion of degeneration.
There was something very wrong with that liquid.
You feel weakened.
You feel dopey.
You feel clumsy.
The jackal bites you but does no damage.
Natasha mumbles some strange words.
Natasha glows brightly for a moment.
Natasha stares at you and mumbles some strange words.
You resist with some effort. The jackal misses you.
The white imp lashes its tail.
The white imp hits you.
* * * LOW HITPOINT WARNING * * *
The white imp freezes you.
You die...

#... ...≈≈#### #...#
.≈≈≈##... ##.... ##....
..... #.....
####..######### #.....
#.............# #.....
#.............# #.....
#...g†........# #.....
#...h@........# #.....
#...5hh.......# #.....
...............)###.....
......########..†.'.....
...... ######.....
...... ##..## .....
##..# ..... ##.. ###


You could see Natasha, a white imp (summoned), 2 jackals and a goblin.

Vanquished Creatures
  Sigmund (D:2)
  An orc priest (D:2)
  An iguana (D:3)
  Natasha (D:3)
  6 adders
  A gnoll (D:3)
  7 dart slugs
  4 orcs (D:2)
  7 ball pythons
  6 bats
  3 endoplasms
  5 giant cockroaches (D:1)
  2 goblins
  5 hobgoblins
  2 jackals (D:3)
  2 kobolds (D:3)
  5 quokkas
  2 frilled lizards
  6 rats
67 creatures vanquished.

Vanquished Creatures (others)
  A bat (D:3)
1 creature vanquished.

Grand Total: 68 creatures vanquished

Notes
Turn   | Place    | Note
-------+----------+-------------------------------------------
     0 | D:1      | testman the Draconian Transmuter began the quest for the
                  | Orb.
     0 | D:1      | Reached XP level 1. HP: 16/16 MP: 3/3
   179 | D:1      | Reached XP level 2. HP: 23/23 MP: 3/5
   182 | D:1      | Learned a level 2 spell: Wereblood
   478 | D:1      | Reached XP level 3. HP: 28/28 MP: 4/6
   482 | D:1      | Learned a level 3 spell: Spider Form
   757 | D:2      | Gained mutation: You have hidden genetic potential. [potion
                  | of mutation]
   761 | D:2      | HP: 2/42 [poisoned by an adder]
   762 | D:2      | Reached skill level 1 in Poison Magic
  1056 | D:3      | Found a stormy altar of Qazlal.
  1281 | D:2      | Reached XP level 4. HP: 31/35 MP: 3/7
  1288 | D:3      | Gained mutation: You have great hidden genetic potential.
                  | [hidden potential]
  1426 | D:3      | Found a white marble altar of Elyvilon.
  1637 | D:2      | Reached XP level 5. HP: 40/40 MP: 4/8
  1647 | D:2      | Gained mutation: Your muscles are strong. (Str +4, Int/Dex
                  | -1) [hidden potential]
  1647 | D:2      | Lost mutation: You have great hidden genetic potential.
                  | [hidden potential expressed]
  1658 | D:2      | HP: 2/61 [orc/+2 flail of protection (4)]
  2147 | D:2      | Noticed Sigmund
  2170 | D:2      | Killed Sigmund
  2171 | D:2      | Reached XP level 6. HP: 29/50 MP: 8/10
  2181 | D:2      | Gained mutation: You are agile. (Dex +4, Str/Int -1)
                  | [hidden potential]
  2409 | D:3      | Noticed Natasha
  2417 | D:3      | Killed Natasha
  2436 | D:3      | Noticed Natasha
  2447 | D:3      | HP: 2/50 [white imp[Natasha] (2)]
  2447 | D:3      | Slain by a white imp

Illustrated notes

Levels and vault maps discovered:
D:1:      tarquinn_simple_flora_water_f, layout_basic, grunt_decor_fettered
D:2:      layout_basic, uniq_sigmund
D:3:      layout_basic, nicolae_elyvilon_peaceful_grove,
          overflow_temple_1_default, kennysheep_potato, uniq_natasha

Skill      XL: |  1  2  3  4  5 |
---------------+----------------+-----
Transmutations | 3 |  3.9
Poison Magic   | 2 3 |  3.7
Fighting       | 2 |  2.6
Spellcasting   | 3 |  3.1
Dodging        | |  1.7
Unarmed Combat | |  3.7

Action                   |  1- 3 |  4- 6 || total
-------------------------+-------+-------++-------
Melee: Dagger            |   131 |    84 ||   215
       Kick              |    14 |     7 ||    21
       Tailslap          |    11 |     7 ||    18
       Headbutt          |     9 |     5 ||    14
       Unarmed           |     2 |    10 ||    12
       Punch             |     1 |     2 ||     3
       Flail             |       |    20 ||    20
 Cast: Beastly Appendage |    20 |     6 ||    26
       Wereblood         |     3 |     3 ||     6
       Spider Form       |       |     1 ||     1
  Use: Scroll            |     6 |       ||     6
       Potion            |     5 |     2 ||     7
 Stab: Sleeping          |     2 |     1 ||     3
       Invisible         |     1 |       ||     1
Armor: Skin              |    38 |    54 ||    92
Dodge: Dodged            |   132 |   115 ||   247

Table legend: (Time is in decaauts)
 A = Elapsed time spent in this place.
 B = Non-inter-level travel time spent in this place.
 C = Inter-level travel time spent in this place.
 D = Time resting spent in this place.
 E = Time spent auto-exploring this place.
 F = Levels seen in this place.
 G = Mean time per level.
                   A        B        C        D        E       F      G
               +--------+--------+--------+--------+--------+-----+--------+
         Total |   2466 |   2367 |     99 |    340 |   1479 |   3 |  822.0 |
       Dungeon |   2466 |   2367 |     99 |    340 |   1479 |   3 |  822.0 |
               +--------+--------+--------+--------+--------+-----+--------+

Top non-repeatable levels by time:
     D:2: 1316 daAuts
     D:1: 673 daAuts
     D:3: 476 daAuts
